 Dungeon Crawl Stone Soup version 0.27-a0-906-g0a00ce863d (webtiles) character file.

Game seed: 14325823349174880387

9 Alarkh the Insei (level 2, 18/22 HPs)
             Began as a Demonspawn Gladiator on Apr 6, 2021.
             Got out of the dungeon alive.
             The game lasted 00:00:15 (215 turns).

Alarkh the Insei (Demonspawn Gladiator)              Turns: 215, Time: 00:00:15

Health: 18/22      AC:  4    Str: 14    XL:     2   Next: 3%
Magic:  2/2        EV: 12    Int:  9    God:
Gold:   29         SH:  0    Dex: 14    Spells: 1/1 levels left

rFire    . . .     SeeInvis .     - Unarmed
rCold    . . .     Faith    .   (no shield)
rNeg     . . .     Spirit   .   a - +0 leather armour
rPois    .         Reflect  .   b - +0 helmet
rElec    .         Harm     .   (no cloak)
rCorr    .         Rampage  .   (no gloves)
Will     .....                  (no boots)
Stlth    +.........             (no amulet)
HPRegen  0.07/turn              (no ring)
MPRegen  0.08/turn              (no ring)

@: no status effects
A: powered by pain 1
a: no special abilities


You escaped.
You visited 1 branch of the dungeon, and saw 1 of its levels.

You collected 29 gold pieces.

Inventory:

Missiles
 c - 3 throwing nets (quivered)
Armour
 a - a +0 leather armour (worn)
 b - a +0 helmet (worn)


   Skills:
 + Level 2.2 Fighting
 - Level 1.7 Throwing
 - Level 2.6 Dodging
 * Level 3.1 Unarmed Combat


You had one spell level left.
You didn't know any spells.
Your spell library was empty.

Dungeon Overview and Level Annotations

Branches:
Dungeon (1/15)

Altars:


Innate Abilities, Weirdness & Mutations

You sometimes gain a little power by taking damage.


Message History

No target in view!
No target in view!
No target in view!
A goblin comes into view. It is wielding a +0 dagger.
The goblin shouts!
A kobold comes into view. It is wielding a +0 dagger.
The kobold moves out of view.
Found a scroll labelled VEBBITROUS.
A goblin is nearby!
A goblin is nearby!
The kobold shouts!
The kobold throws a stone.
The stone hits you but does no damage. The goblin hits you with a +0 dagger.
You closely miss the goblin. The goblin hits you with a +0 dagger.
You barely miss the goblin. The goblin closely misses you.
You closely miss the goblin. The goblin hits you but does no damage.
You barely miss the kobold. The kobold hits you but does no damage.
The goblin closely misses you.
You closely miss the kobold. You punch the kobold.
The kobold is moderately wounded.
The kobold barely misses you. The goblin closely misses you.
You barely miss the kobold.
The kobold is moderately wounded.
The kobold hits you but does no damage. The goblin hits you but does no damage.
You hit the kobold.
You kill the kobold!
The goblin hits you with a +0 dagger.
You barely miss the goblin. The goblin barely misses you.
You closely miss the goblin. The goblin hits you but does no damage.
You hit the goblin.
You kill the goblin!
You have reached level 2!
Your demonic ancestry asserts itself...
You feel energised by your suffering.
Things that are here:
a ball python corpse; a jackal corpse; a jackal corpse
There is an open door here.
There is a staircase leading out of the dungeon here.
Are you sure you want to leave the Dungeon?
This will make you lose the game!
You have escaped!

#...........#.#...
#####'######..####....
#.........##..#######.
##.........##....##....
#8.........8##.###.#...
#...8...8...##.# #..#..
#8.........8##.# #...#.
##.........###.# #.#.#.
####8@8#### #.# #...#.
##### #.#####.#.
#...†...#. #.#######.
#.# ## ###


There were no monsters in sight!

Vanquished Creatures
  2 ball pythons (D:1)
  A giant cockroach (D:1)
  A goblin (D:1)
  2 jackals (D:1)
  A kobold (D:1)
7 creatures vanquished.

Notes
Turn   | Place    | Note
-------+----------+-------------------------------------------
     0 | D:1      | Alarkh the Demonspawn Gladiator began the quest for the
                  | Orb.
     0 | D:1      | Reached XP level 1. HP: 16/16 MP: 1/1
   102 | D:1      | Reached skill level 3 in Unarmed Combat
   155 | D:1      | Gained mutation: You sometimes gain a little power by
                  | taking damage. [demonic ancestry]
   155 | D:1      | Reached XP level 2. HP: 14/22 MP: 2/2
   215 | D:$      | Got out of the dungeon alive.

Illustrated notes

Levels and vault maps discovered:
D:1:      mrwooster_arrival_statue_3, layout_basic, serial_shops, shop,
          nicolae_shop_trees, shop, shapermc_ecumenical_altar_venn,
          hangedman_decor_diamond_cutter

Skill      XL: |  1 |
---------------+----+-----
Unarmed Combat | 3 |  3.1
Fighting       | |  2.2
Throwing       | |  1.7
Dodging        | |  2.6

Action                   || total
-------------------------++-------
Melee: Unarmed           ||    35
       Punch             ||     2
Armor: Leather armour    ||    17
Dodge: Dodged            ||    23

Table legend: (Time is in decaauts)
 A = Elapsed time spent in this place.
 B = Non-inter-level travel time spent in this place.
 C = Inter-level travel time spent in this place.
 D = Time resting spent in this place.
 E = Time spent auto-exploring this place.
 F = Levels seen in this place.
 G = Mean time per level.
                   A        B        C        D        E       F      G
               +--------+--------+--------+--------+--------+-----+--------+
         Total |    213 |    154 |     59 |      0 |     95 |   1 |  213.0 |
       Dungeon |    213 |    154 |     59 |      0 |     95 |   1 |  213.0 |
               +--------+--------+--------+--------+--------+-----+--------+

Top non-repeatable levels by time:
     D:1: 213 daAuts
